Map: New Repugnancy LE

Players

PeLLy - Winner!

  • Race: Zerg Zerg
  • League: Diamond
  • Spawn Location: 1:00

Skapidea

  • Race: Protoss Protoss
  • League: Diamond
  • Spawn Location: 7:00

VOD

Have the link to the VOD?

Description

Time

  • Played on: Aug. 18, 2019, 9:07 a.m.
  • Length: 15:31
Show
View Real Time Build Order
Export as new Build Order

PeLLy Zerg - Winner!

Build Orders: Hatch First, Swarm Host 

Get SALT Encoding   

  12  0:00  Drone  
  13  0:13  Overlord  
  13  0:19  Drone  
  14  0:31  Drone x2  
  16  0:51  Hatchery  
  16  0:53  Drone  
  16  1:21  Drone x3  
  16  1:25  Spawning Pool  
  19  2:00  Drone x3  
  22  2:11  Extractor  
  21  2:16  Roach Warren  
  21  2:18  Queen  
  22  2:34  Overlord  
  22  2:35  Overlord  
  22  2:39  Extractor, Hatchery  
  20  2:49  Drone x2  
  24  3:03  Extractor  
  21  3:29  Roach x4  
  29  3:40  Overlord  
  29  3:41  Overlord  
  29  3:50  Ravager  
  29  4:03  Ravager  
  29  4:08  Roach  
  29  4:09  Roach  
  34  4:12  Queen  
  33  4:44  Drone x5, Roach  
  38  4:55  Lair  
  38  4:58  Ravager  
  39  5:02  Ravager  
  40  5:08  Drone x2  
  40  5:11  Drone x2  
  44  5:16  Ravager  
  45  5:26  Ravager  
  43  5:52  Drone  
  43  5:53  Drone x7  
  51  6:03  Hatchery  
  50  6:04  Overseer  
  50  6:11  Drone x4  
  53  6:16  Extractor  
  53  6:23  Spore Crawler  
  52  6:27  Drone x2  
  54  6:34  Drone x6  
  54  6:39  Glial Reconstitution  
  60  6:48  Evolution Chamber x2  
  60  6:49  Drone x2  
  60  7:01  Overlord x3  
  60  7:02  Overlord  
  60  7:10  Extractor  
  60  7:11  Overlord x3  
  60  7:12  Extractor  
  58  7:16  Zerg Missile Weapons Level 1  
  58  7:17  Zerg Melee Weapons Level 1  
  58  7:21  Metabolic Boost  
  58  7:27  Roach x2  
  62  7:39  Queen  
  62  7:41  Spore Crawler  
  62  7:42  Drone x3  
  62  7:43  Drone  
  67  7:47  Overseer  
  67  7:52  Pneumatized Carapace  
  67  7:55  Drone x2  
  67  7:58  Drone  
  70  8:08  Overseer  
  70  8:12  Hydralisk Den  
  69  8:25  Hydralisk Den  
  69  8:26  Spine Crawler  
  67  8:28  Spine Crawler  
  66  8:40  Nydus Network  
  65  8:41  Infestation Pit  
  65  8:43  Grooved Spines  
  65  8:53  Baneling Nest  
  64  9:10  Hatchery  
  63  9:28  Infestation Pit  
  62  9:32  Hydralisk x12  
  86  9:44  Queen x2  
  90  9:49  Drone x2  
  92  9:56  Queen  
  94  10:12  Swarm Host x2  
  94  10:13  Swarm Host x2  
  106  10:26  Zerg Missile Weapons Level 2  
  106  10:28  Zerg Melee Weapons Level 2  
  106  10:31  Drone x4  
  110  11:06  Nydus Canal  
  110  11:15  Drone  
  110  11:16  Drone x8  
  110  11:18  Swarm Host x3  
  128  11:29  Overlord x2  
  128  11:30  Overlord  
  128  11:52  Drone x3  
  128  11:53  Drone x5, Extractor  
  128  11:54  Drone x2, Extractor  
  137  11:56  Swarm Host x5  
  151  12:12  Overlord x5  
  145  12:56  Swarm Host x8  
  169  13:01  Hatchery, Nydus Canal  
  168  13:06  Hatchery  
  167  13:57  Swarm Host  
  167  13:58  Hydralisk, Swarm Host x2  
  167  14:00  Overlord x2  
  167  14:01  Overlord x6  
  167  14:02  Overlord x3  
  178  14:16  Hydralisk x3  
  180  14:19  Overlord  
  181  14:37  Drone x11  
  192  14:57  Extractor x2  
Show
View Real Time Build Order
Export as new Build Order

Skapidea Protoss 

Build Orders: Cannon Rush 

Get SALT Encoding   

  12  0:01  Probe  
  13  0:13  Probe  
  14  0:25  Probe  
  14  0:26  Pylon  
  15  0:44  Forge, Probe  
  16  0:58  Pylon  
  16  1:00  Probe  
  17  1:08  Probe  
  18  1:21  Photon Cannon  
  18  1:27  Photon Cannon  
  18  1:28  Pylon  
  17  1:39  Photon Cannon  
  17  1:58  Pylon  
  17  2:07  Photon Cannon  
  16  2:09  Gateway  
  16  2:14  Pylon  
  16  2:21  Assimilator  
  16  2:41  Nexus  
  16  2:53  Probe, Photon Cannon  
  17  3:01  Probe  
  17  3:05  Pylon  
  17  3:12  Pylon  
  18  3:17  Pylon  
  18  3:35  Photon Cannon  
  18  3:47  Photon Cannon  
  18  3:50  Zealot  
  20  4:17  Cybernetics Core  
  20  4:22  Probe, Photon Cannon  
  21  4:40  Warp Gate  
  21  4:55  Photon Cannon  
  21  4:56  Robotics Facility, Probe  
  22  5:08  Probe  
  23  5:19  Photon Cannon  
  23  5:20  Probe  
  24  5:25  Gateway  
  24  5:32  Probe  
  25  5:42  Observer  
  25  5:44  Probe  
  25  5:49  Pylon  
  27  5:51  Immortal  
  27  5:54  Assimilator  
  27  5:56  Probe  
  32  6:10  Sentry  
  34  6:21  Immortal  
  34  6:24  Gateway  
  38  6:46  Stalker  
  40  6:53  Immortal  
  44  7:20  Gateway  
  44  7:21  Gateway  
  44  7:24  Gateway  
  44  7:25  Pylon  
  44  7:32  Photon Cannon  
  44  7:33  Warp Prism  
  44  7:35  Protoss Ground Weapons Level 1  
  46  8:14  Immortal  
  46  8:15  Stalker  
  46  8:17  Stalker  
  54  8:20  Probe  
  55  8:39  Stalker  
  55  8:40  Probe  
  58  8:52  Probe  
  58  8:53  Observer  
  60  9:04  Probe  
  61  9:17  Immortal  
  51  9:21  Observer  
  55  9:26  Stalker  
  55  9:27  Stalker  
  59  9:32  Pylon  
  59  9:33  Probe  
  59  9:34  Assimilator  
  60  9:45  Immortal, Probe  
  60  9:57  Pylon  
  64  10:08  Pylon  
  64  10:10  Stalker  
  64  10:11  Stalker x2  
  70  10:18  Observer  
  71  10:30  Immortal  
  71  10:32  Stalker x2  
  71  10:35  Protoss Ground Armor Level 1  
  78  11:17  Pylon  
  78  11:19  Pylon  
  78  11:36  Stalker  
  78  11:37  Stalker x3  
  78  11:38  Stalker x2  
  90  11:44  Pylon  
  90  11:55  Immortal  
  94  12:27  Immortal  
  96  12:53  Stalker x3  
  102  13:01  Nexus  
  102  13:04  Pylon  
  102  13:05  Protoss Shields Level 1, Pylon  
  68  13:44  Probe  
  67  13:51  Photon Cannon  
  67  13:52  Sentry  
  67  13:53  Photon Cannon  
  69  13:56  Probe  
  69  13:58  Sentry  
  72  14:08  Probe  
  73  14:20  Probe  
  74  14:25  Sentry x4  
  83  14:38  Probe  
  83  14:50  Probe  
  83  15:02  Probe  
Tags
 
Add a new tag
Caveats
  • Supply blocks, unpowered buildings, or Contaminate may cause inaccurate times.
  • Supply counts are checked every 10 seconds.